 Dungeon Crawl Stone Soup version 0.31.0 (webtiles) character file.

Game seed: 13465469511953581383

24 qw the Shooter (level 3, -1/21 HPs)
             Began as a Gargoyle Hunter on Jan 19, 2024.
             Slain by a kobold
             ... wielding a +2 short sword of freezing
              (2 damage)
             ... on level 1 of the Dungeon.
             The game lasted 00:00:01 (253 turns).

qw the Shooter (Gargoyle Hunter)                     Turns: 253, Time: 00:00:01

Health: -1/21      AC:  6    Str: 14    XL:     3   Next: 2%
Magic:  3/3        EV: 11    Int:  9    God:
Gold:   0          SH:  0    Dex: 15    Spells: 2/2 levels left

rFire   . . .        a - +0 shortbow
rCold   . . .        (shield currently unavailable)
rNeg    + . .        c - +0 leather armour
rPois   inf          (no helmet)
rElec   +            (no cloak)
rCorr   .            (no gloves)
SInv    .            (no boots)
Will    .....        (no amulet)
Stlth   ++           (no ring)
HPRegen 0.23/turn    (no ring)
MPRegen 0.08/turn

%: no passive effects
@: no status effects
A: sickness immunity, AC +3, negative energy resistance 1, electricity
resistance, torment resistance 1, petrification resistance
a: no special abilities


You were on level 1 of the Dungeon.
You visited 1 branch of the dungeon, and saw 1 of its levels.


Innate Abilities, Weirdness & Mutations

You are immune to sickness and miasma.
Your stone body is resilient. (AC +3)
You are immune to poison.
You resist negative energy. (rN+)
You are resistant to electric shocks. (rElec)
You are resistant to unholy torment.
You are immune to petrification.


   Skills:
 - Level 2.1 Fighting
 + Level 4.9 Ranged Weapons
 - Level 1.5 Dodging
 - Level 1.1 Stealth


You had 2 spell levels left.
You didn't know any spells.
Your spell library was empty.

Inventory:

Hand Weapons
 a - a +0 shortbow (weapon)
Armour
 c - a +0 leather armour (worn)
Scrolls
 b - a scroll of butterflies

Dungeon Overview and Level Annotations

Branches:
Dungeon (1/15)

Altars:


Message History

The kobold barely misses you.
You shoot an arrow. The arrow barely misses the kobold.
The arrow hits the endoplasm but does no damage.
The endoplasm is almost dead.
A kobold comes into view. It is wielding a +0 dagger.
The kobold misses you. x2
An endoplasm comes into view.
You shoot an arrow.
The arrow hits the kobold but does no damage.
The kobold is moderately wounded.
The kobold hits you with a +0 whip.
You shoot an arrow. The arrow barely misses the kobold.
The arrow hits the kobold but does no damage.
You shoot an arrow. The arrow hits the kobold!
You kill the kobold!
You shoot an arrow. The arrow hits the endoplasm.
You kill the endoplasm!
You shoot an arrow. The arrow barely misses the kobold.
The arrow hits the endoplasm.
The endoplasm is moderately wounded.
The kobold hits you but does no damage.
The kobold hits you with a +2 short sword of freezing.
The kobold freezes you. The kobold hits you with a +0 dagger.
You shoot an arrow. The arrow hits the endoplasm.
The endoplasm is almost dead.
The endoplasm hits you but does no damage.
The kobold barely misses you.
The kobold hits you with a +2 short sword of freezing.
The kobold freezes you.
You shoot an arrow. The arrow hits the endoplasm.
You kill the endoplasm!
The kobold hits you but does no damage. The kobold misses you.
You have reached level 3!
Your experience leads to an increase in your attributes!
Increase (S)trength, (I)ntelligence, or (D)exterity?
You feel agile. x2
You shoot an arrow. The arrow barely misses the kobold.
The kobold hits you with a +2 short sword of freezing.
The kobold freezes you.
You die...

##.#.#.#.#.#
............. #.#
..#)#.#.#.#.## #.#
............# #.#
#.#.#.#.#.## #.#
.....>....# #.#
##.#.#.#.#)### #.#
#....KK......####.#
##.#.#@#.#.#......#
.......##.#####.##.###
##.###. #.# ##.##...#
#. #.# #..####.###
.....## .. #.#
#.#####...# ####.....
## #.# #.......#.#
...#....#.#.### ..#
##########.#
##.#....#.#.#.# #.#
#........#.#
..##....#...#.#
###.######...#


You could see 2 kobolds.

Vanquished Creatures
  A gnoll (D:1)
  3 endoplasms (D:1)
  A giant cockroach (D:1)
  A goblin (D:1)
  A hobgoblin (D:1)
  A quokka (D:1)
  2 ball pythons (D:1)
  A bat (D:1)
  2 kobolds (D:1)
13 creatures vanquished.

Notes
Turn   | Place    | Note
-------+----------+-------------------------------------------
     0 | D:1      | qw the Gargoyle Hunter began the quest for the Orb.
     0 | D:1      | Reached XP level 1. HP: 12/12 MP: 1/1
     0 | D:1      | 0 ||| qw: Version: 0.3-a-132-g3d54051
     0 | D:1      | 0 ||| qw: Game counter: 48
     0 | D:1      | 0 ||| qw: Melee chars always use a shield: true
     0 | D:1      | 0 ||| qw: God list: Okawaru
     0 | D:1      | 0 ||| qw: Allow faded altars: false
     0 | D:1      | 0 ||| qw: Do Orc after clearing Dungeon:15 true
     0 | D:1      | 0 ||| qw: Do second Lair branch before Depths: true
     0 | D:1      | 0 ||| qw: Lair rune preference: random
     0 | D:1      | 0 ||| qw: Goals: Normal
     0 | D:1      | 0 ||| PLANNING D:1-11
   109 | D:1      | 109 ||| RETREEEEATING.
   115 | D:1      | Reached XP level 2. HP: 12/17 MP: 2/2
   251 | D:1      | HP: 4/17 [kobold/+2 short sword of freezing (2)]
   253 | D:1      | Reached XP level 3. HP: 5/21 MP: 3/3
   253 | D:1      | HP: 1/21 [kobold/+2 short sword of freezing (4)]
   253 | D:1      | Slain by a kobold

Levels and vault maps discovered:
D:1:      saegor_arrival_simple_e, layout_basic, serial_co_window_serial,
          co_window_corner_a, co_window_paths_a, co_window_corner_a,
          co_window_paths_b, co_window_of_opportunity_a, co_window_paths_a,
          co_window_of_opportunity_a, co_window_corner_cb, co_window_corner_b,
          co_window_2corner, co_window_broadway_c, co_window_4corner_a,
          st_stairs_10, nicolae_grassy_gnolls

Action                     || total
---------------------------++-------
   Fire: Shortbow          ||    45
 Armour: Leather armour    ||    11
  Dodge: Dodged            ||    22

Table legend:
 A = Non-vault XP
 B = Vault XP
 C = Vault XP percentage of total XP
 D = Non-vault monster count
 E = Vault monster count
 F = Vault count percentage of total count
                 A         B        C        D         E       F
            +---------+---------+-------+---------+---------+-------
      Total |      15 |      20 |  57.1 |       9 |       4 |  30.8
            +---------+---------+-------+---------+---------+-------
        D:1 |      15 |      20 |  57.1 |       9 |       4 |  30.8
            +---------+---------+-------+---------+---------+-------
